 Dungeon Crawl Stone Soup version 0.30-a0-42-g806c11bf1d (webtiles) character file.

Game seed: 13344051209114558357

6849 Newt the Cleaver (level 10, -9/76 HPs)
             Began as a Demonspawn Gladiator on Aug 30, 2022.
             Was an Initiate of Gozag.
             Mangled by a komodo dragon (37 damage)
             ... on level 9 of the Dungeon.
             The game lasted 00:11:50 (12460 turns).

Newt the Cleaver (Demonspawn Gladiator)            Turns: 12460, Time: 00:11:50

Health: -9/76      AC: 13    Str: 17    XL:     10   Next: 78%
Magic:  10/10      EV: 12    Int: 10    God:    Gozag
Gold:   1227       SH:  0    Dex: 16    Spells: 9/9 levels left

rFire   + + .      SeeInvis .    w - +0 hand axe (elec)
rCold   + + .      Faith    .    p - orb {mayhem}
rNeg    . . .      Spirit   .    L - +0 swamp dragon scales
rPois   +          Reflect  .    Q - +1 hat
rElec   .          Harm     .    s - scarf {rC+ rF+}
rCorr   .          Rampage  .    (no gloves)
Will    .....                    (no boots)
Stlth   +.........               (no amulet)
HPRegen 0.22/turn                z - ring of Ularph {rF+ rC+ AC+4}
MPRegen 0.12/turn                o - ring of poison resistance

@: gold aura
A: horns 2, demonic guardian 2, spiny 2
a: Renounce Religion, Potion Petition, Call Merchant, Bribe Branch


You were on level 9 of the Dungeon.
You worshipped Gozag.
Gozag was most pleased with you.
You visited 2 branches of the dungeon, and saw 10 of its levels.

You collected 1346 gold pieces.
You spent 22 gold pieces at shops.
You paid 97 gold pieces to Gozag.

Inventory:

Hand Weapons
 a - a +0 rapier
 w - a +0 hand axe of electrocution (weapon)
Missiles
 d - 3 throwing nets (quivered)
 e - a javelin
 k - 19 poisoned darts
 q - 12 boomerangs
 E - a curare-tipped dart
 M - 3 atropa-tipped darts
Armour
 b - a +0 leather armour
 c - a +0 helmet
 j - a scarf of shadows
 p - an orb of mayhem (worn)
 s - a scarf of resistance (worn)
 L - +0 swamp dragon scales (worn)
 Q - a +1 hat (worn)
Jewellery
 o - a ring of poison resistance (right hand)
 z - the ring of Ularph (left hand) {rF+ rC+ AC+4}
   (You acquired it on level 6 of the Dungeon)

   [ring of protection]

   AC:        It affects your AC (+4).
   rF:        It protects you from fire.
   rC:        It protects you from cold.
 B - a ring of fire
 G - a ring of flight
 I - a ring of magical power
 O - a ring of see invisible
 T - a +6 ring of dexterity
Wands
 x - a wand of mindburst (44)
 C - a wand of polymorph (11)
 D - a wand of flame (25)
 F - a wand of acid (9)
 P - a wand of paralysis (1)
Scrolls
 g - 10 scrolls of teleportation
 i - 2 scrolls of torment
 y - 2 scrolls of brand weapon
 A - 2 scrolls of enchant armour {unknown}
 H - 3 scrolls of blinking
 K - 2 scrolls of noise {unknown}
 N - a scroll of fear {unknown}
 R - a scroll of magic mapping {unknown}
 S - a scroll of summoning
Potions
 f - 2 potions of brilliance
 h - 2 potions of lignification
 l - 2 potions of might
 m - 5 potions of curing
 n - 3 potions of heal wounds
 r - a potion of haste
 t - a potion of cancellation
 u - 6 potions of flight
 v - 3 potions of attraction
 J - 2 potions of mutation {unknown}


   Skills:
 - Level 6.0 Fighting
 - Level 5.0 Short Blades
 - Level 10.0 Axes
 - Level 5.0 Throwing
 + Level 5.2 Armour
 - Level 4.0 Dodging
 - Level 2.0 Stealth
 - Level 5.0 Evocations


You had 9 spell levels left.
You didn't know any spells.
Your spell library contained the following spells:

 Spells                   Type           Power      Damage    Failure   Level
 Dazzling Flash           Conj/Hex       0%         N/A       89%         3
 Olgreb's Toxic Radiance  Pois           0%         N/A       100%        4
 Agony                    Necr           0%         N/A       100%        5
 Silence                  Hex/Air        0%         N/A       100%        5
 Ozocubu's Refrigeration  Ice            0%         4d7       100%        7
 Ignition                 Fire           0%         3d3       100%        8


Dungeon Overview and Level Annotations

Branches:
Dungeon (9/15)             Temple (1/1) D:5            Lair (0/5) D:9
    Orc: D:9-12

Altars:
Ashenzari
Cheibriados
Dithmenos
Gozag
Hepliaklqana
Kikubaaqudgha
Makhleb
Nemelex Xobeh
Okawaru
Qazlal
Ru
Sif Muna
Trog
Uskayaw
Vehumet
Wu Jian
Xom
Yredelemnul

Shops:
D:6 *


Innate Abilities, Weirdness & Mutations

You have a pair of horns on your head.
A demonic guardian rushes to your aid.
You are mostly covered in sharp spines.


Message History

The yak is struck by your spines. The yak gores you!
A demonic guardian appears!
You hit the yak. Lightning courses through the yak! You headbutt the yak!
The yak is almost dead.
The yak is struck by your spines.
You kill the yak!
The komodo dragon is no longer distracted by gold.
The komodo dragon bites you but does no damage.
You hit the komodo dragon but do no damage.
You headbutt the komodo dragon, but do no damage.
The komodo dragon is struck by your spines.
The komodo dragon bites you!
The komodo dragon is distracted by your dazzling golden aura.
You are too injured to fight recklessly!
Unknown command.
You swap places.
Your ice devil barely misses the komodo dragon.
Your ice devil barely misses the komodo dragon.
Your ice devil hits the komodo dragon.
Your ice devil freezes the komodo dragon!!
The komodo dragon is no longer distracted by gold.
The komodo dragon closely misses your ice devil.
Your ice devil hits the komodo dragon but does no damage.
The komodo dragon bites your ice devil!!
The komodo dragon bites your ice devil!!
Your ice devil dies!
Your ice devil disappears in a puff of smoke!
Throw: 20 darts (poison)
Press: ? - help, Shift-Dir - straight line, f - komodo dragon
Aim: a komodo dragon (severely wounded, fast, strong, frenzied and insane, unaware, 72% to hit)
You throw a poisoned dart.
The poisoned dart hits the komodo dragon!
The komodo dragon is poisoned.
The komodo dragon is severely wounded.
You hit the komodo dragon. You headbutt the komodo dragon.
The komodo dragon is severely wounded.
The komodo dragon is struck by your spines.
The komodo dragon bites you!!!
You die...
Your body crumbles into a pile of gold.

.#.#
#.............
.#.#
#.###.########
.# .#.# #.# #.#
#.##
##.###.###.#
#...##
#.........#
#....P#
#####.###.####
.....PP #.#
#....####...PPPP
#.#
####$$$$....PPPP
#.#
####@l(.PPPPP
#.# #.......PP #
#.# ##..P...PP
######.#
#..PP.>.P
.......#
##PPP...P
########


..P.PPP #PPPPP# ###### You could see a neutral komodo dragon (fast, strong,
insane, very poisoned).

Vanquished Creatures
  A two-headed ogre (D:9)
  Maggie (D:8)
  A troll (D:9)
  A shadow (D:9)
  A wraith (D:9)
  The ghost of valliere the Ruffian, an amateur TrTm (D:3)
  8 yaks
  2 wyverns (D:9)
  Eustachio (D:5)
  Duvessa (D:5)
  A sky beast (D:7)
  An orc warrior (D:6)
  3 ice beasts
  2 black bears
  2 ogres
  A kobold brigand (D:5)
  2 bullfrogs
  A necrophage (D:4)
  A gnoll sergeant (D:6)
  3 scorpions (D:6)
  5 wights (D:7)
  Dowan (D:5)
  7 killer bees
  2 howler monkeys (D:8)
  An orc priest (D:4)
  3 hounds
  2 jellies
  4 orc wizards
  5 iguanas
  15 adders
  3 gnolls (D:6)
  A shadow imp (D:5)
  A white imp (D:6)
  3 ufetubi
  2 worms
  2 dart slugs
  13 orcs
  3 bats
  9 endoplasms
  4 giant cockroaches
  6 goblins
  9 hobgoblins
  4 jackals (D:4)
  6 kobolds
  3 quokkas
  4 ball pythons
  5 frilled lizards
  7 rats
165 creatures vanquished.

Vanquished Creatures (collateral kills)
  A hornet (D:8)
  4 yaks
  A centaur (D:6)
  An electric eel (D:9)
  An orc priest (D:7)
  An iguana (D:5)
  2 gnolls (D:6)
  3 orcs (D:7)
  3 kobolds (D:5)
17 creatures vanquished.

Vanquished Creatures (others)
  11 plants (D:9)
11 creatures vanquished.

Grand Total: 193 creatures vanquished

Notes
Turn   | Place    | Note
-------+----------+-------------------------------------------
     0 | D:1      | Newt the Demonspawn Gladiator began the quest for the Orb.
     0 | D:1      | Reached XP level 1. HP: 16/16 MP: 1/1
   142 | D:1      | Reached skill level 1 in Stealth
   574 | D:1      | Gained mutation: You have a pair of small horns on your
                  | head. [demonic ancestry]
   574 | D:1      | Reached XP level 2. HP: 22/22 MP: 2/2
   995 | D:1      | Found a faded altar of an unknown god.
  1606 | D:2      | Reached XP level 3. HP: 28/28 MP: 3/3
  2935 | D:2      | Reached XP level 4. HP: 37/37 MP: 4/4
  3313 | D:3      | Found a runed translucent door.
  3319 | D:3      | Noticed a bullfrog
  3322 | D:3      | Noticed valliere's ghost (amateur TrTm)
  3342 | D:3      | Killed a bullfrog
  3343 | D:3      | Gained mutation: You are partially covered in sharp spines.
                  | [demonic ancestry]
  3343 | D:3      | Reached XP level 5. HP: 42/42 MP: 5/5
  3351 | D:3      | Killed valliere's ghost
  3352 | D:3      | Gained mutation: A weak demonic guardian rushes to your
                  | aid. [demonic ancestry]
  3352 | D:3      | Reached XP level 6. HP: 48/48 MP: 6/6
  4028 | D:4      | Reached skill level 5 in Short Blades
  4030 | D:4      | Reached skill level 1 in Armour
  4151 | D:4      | Gained mutation: You have a pair of horns on your head.
                  | [demonic ancestry]
  4151 | D:4      | Reached XP level 7. HP: 22/54 MP: 7/7
  4805 | D:4      | Reached skill level 2 in Axes
  5283 | D:5      | Entered Level 5 of the Dungeon
  5294 | D:5      | Noticed Duvessa
  5294 | D:5      | Noticed Dowan
  5302 | D:5      | Killed Duvessa
  5303 | D:5      | Reached skill level 3 in Axes
  5303 | D:5      | Killed Dowan
  5347 | D:5      | Reached skill level 4 in Axes
  5413 | D:5      | Found a staircase to the Ecumenical Temple.
  5485 | Temple   | Entered the Ecumenical Temple
  5691 | Temple   | Became a worshipper of Gozag Ym Sagoz the Greedy
  5840 | D:5      | Reached skill level 5 in Axes
  5840 | D:5      | Gained mutation: A demonic guardian rushes to your aid.
                  | [demonic ancestry]
  5840 | D:5      | Reached XP level 8. HP: 46/60 MP: 8/8
  5931 | D:5      | Noticed Eustachio
  5939 | D:5      | Killed Eustachio
  6029 | D:5      | Identified the +3 leather armour "Huewni" {rN+ Stlth+}
  6064 | D:5      | Reached skill level 6 in Axes
  7026 | D:6      | Identified a scroll of acquirement
  7026 | D:6      | Acquired the ring of Ularph {rF+ rC+ AC+4}
  7318 | D:6      | Found a hide-covered altar of Uskayaw.
  7750 | D:6      | Reached skill level 5 in Throwing
  7782 | D:6      | Reached skill level 1 in Evocations
  7872 | D:6      | Found Takobech's General Store.
  7879 | D:6      | Bought a scroll of identify for 22 gold pieces
  8039 | D:6      | Reached XP level 9. HP: 61/65 MP: 9/9
  9083 | D:7      | Reached skill level 5 in Evocations
  9935 | D:8      | Noticed Maggie
  9950 | D:8      | Killed Maggie
  9951 | D:8      | Reached skill level 7 in Axes
 10603 | D:8      | Reached skill level 8 in Axes
 10604 | D:8      | Gained mutation: You are mostly covered in sharp spines.
                  | [demonic ancestry]
 10604 | D:8      | Reached XP level 10. HP: 29/73 MP: 10/10
 10606 | D:8      | Reached skill level 5 in Fighting
 11076 | D:9      | HP: 3/76 [troll (10)]
 11579 | D:9      | Reached skill level 9 in Axes
 12146 | D:9      | Noticed a two-headed ogre
 12155 | D:9      | Killed a two-headed ogre
 12260 | D:9      | Reached skill level 10 in Axes
 12446 | D:9      | Reached skill level 5 in Armour
 12446 | D:9      | Found a staircase to the Lair.
 12460 | D:9      | Mangled by a komodo dragon

Illustrated notes

Levels and vault maps discovered:
D:1:      roderic_crop_circles_arrival_small, layout_loops_ring,
          shapermc_ecumenical_altar_petra, supply_closet_lemuel,
          minmay_misc_feat_iff, solitary_fountain, corner_web_ring
D:2:      layout_basic, minmay_randomly_rotated_circles
D:3:      layout_loops_ring, ebering_ghost_sewer_d
D:4:      layout_loops_ring, chequers_serial_rivers_large_b
D:5:      layout_gridville, minmay_temple_entry_overgrown,
          hangedman_decor_points, minmay_misc_feat_five, uniq_duvessa,
          uniq_eustachio
D:6:      layout_gridville, mainiacjoe_overflow_24_doors, serial_shops, shop
D:7:      layout_loops_ring, hangedman_abyss_or_decor_lesser_grid
D:8:      layout_cave_pools, uniq_maggie
D:9:      layout_loops_ring, david_lair_shrubbed, grunt_decor_mini_mirrors,
          serial_bayou_lagoon_b
Temple:   nicolae_temple_bog_church

Skill      XL: |  1  2  3  4  5  6  7  8  9 10 |
---------------+-------------------------------+-----
Stealth        | 1 2 |  2.0
Fighting       | 3 4 6 |  6.0
Dodging        | 3 4 |  4.0
Short Blades   | 4 5 |  5.0
Armour         | 2 4 5 |  5.2
Axes           | 5 6 8 10 | 10.0
Throwing       | 5 |  5.0
Evocations     | 2 5 |  5.0

Action                   |  1- 3 |  4- 6 |  7- 9 | 10-12 || total
-------------------------+-------+-------+-------+-------++-------
Melee: Rapier            |   116 |    87 |     6 |       ||   209
       Headbutt          |    20 |    18 |    49 |    21 ||   108
       Hand axe          |       |       |   218 |    84 ||   302
       Punch             |       |       |     6 |       ||     6
Throw: Throwing net      |       |       |     5 |     2 ||     7
       Dart              |       |       |     1 |     2 ||     3
  Use: Scroll            |     4 |     7 |     8 |       ||    19
       Potion            |       |     2 |     3 |       ||     5
 Stab: Sleeping          |     2 |     1 |     9 |       ||    12
       Distracted        |       |     1 |     1 |     1 ||     3
       Held in net/web   |       |       |     1 |       ||     1
Armor: Leather armour    |    24 |    12 |    39 |       ||    75
       Skin              |       |    15 |       |       ||    15
       Swamp dragon scal |       |       |     5 |    23 ||    28
Dodge: Dodged            |    70 |    45 |   134 |    39 ||   288

Table legend: (Time is in decaauts)
 A = Elapsed time spent in this place.
 B = Non-inter-level travel time spent in this place.
 C = Inter-level travel time spent in this place.
 D = Time resting spent in this place.
 E = Time spent auto-exploring this place.
 F = Levels seen in this place.
 G = Mean time per level.
                   A        B        C        D        E       F      G
               +--------+--------+--------+--------+--------+-----+--------+
         Total |  12541 |  12286 |    255 |   2965 |   8049 |  10 | 1254.1 |
       Dungeon |  12303 |  12074 |    229 |   2965 |   7854 |   9 | 1367.0 |
        Temple |    238 |    213 |     25 |      0 |    195 |   1 |  238.0 |
               +--------+--------+--------+--------+--------+-----+--------+

Top non-repeatable levels by time:
     D:2: 1939 daAuts
     D:6: 1629 daAuts
     D:9: 1479 daAuts
     D:5: 1395 daAuts
     D:7: 1304 daAuts
     D:4: 1303 daAuts
     D:8: 1163 daAuts
     D:1: 1090 daAuts
     D:3: 996 daAuts
  Temple: 238 daAuts
